 Dungeon Crawl Stone Soup version 0.26.1-2-gb8aa6d0cf2 (webtiles) character file.

Game seed: 12320834051322228335

59 stendehmen the Grave Robber (level 3, 0/26 HPs)
             Began as a Demigod Necromancer on Feb 14, 2021.
             Slain by a goblin (2 damage)
             ... led by Robin
             ... on level 2 of the Dungeon.
             The game lasted 01:08:07 (2719 turns).

stendehmen the Grave Robber (Demigod Necromancer)   Turns: 2719, Time: 01:08:09

Health: 0/26       AC:  4    Str: 11    XL:     3   Next: 54%
Magic:  0/8        EV:  9    Int: 21    God:
Gold:   82         SH:  7    Dex: 16    Spells: 0/5 levels left

rFire    + . .     SeeInvis .   n - +0 short sword
rCold    + . .     Faith    .   p - +0 kite shield
rNeg     . . .     Spirit   .   o - +2 robe {rC+ rF+}
rPois    .         Reflect  .   (no helmet)
rElec    .         Harm     .   (no cloak)
rCorr    .         Rampage  .   (no gloves)
Will     .....                  (no boots)
Stlth    ++........             (no amulet)
HPRegen  0.08/turn              v - ring of wizardry
MPRegen  0.11/turn              (no ring)

@: no status effects
A: high mp 1
a: no special abilities


You were on level 2 of the Dungeon.
You visited 1 branch of the dungeon, and saw 3 of its levels.

You collected 82 gold pieces.

Inventory:

Hand Weapons
 c - a +0 hand axe
 d - a +0 club
 f - a +0 club
 g - a +0 club
 j - a +0 club
 l - a +0 club
 m - a +0 club
 n - a +0 short sword (weapon)
 q - a +0 hand axe
Missiles
 b - 17 poisoned darts
 e - 116 stones
Armour
 a - a +0 robe
 k - a +0 ring mail
 o - a +2 robe of resistance (worn)
 p - a +0 kite shield (worn)
 s - a +0 leather armour
Jewellery
 v - a ring of wizardry (left hand)
Scrolls
 h - a scroll of teleportation {unknown}
 i - a scroll of random uselessness {unknown}
 t - a scroll of identify {unknown}
 u - a scroll of remove curse
Potions
 r - a potion of flight {unknown}


   Skills:
 - Level 0.1 Axes
 - Level 1.7 Dodging
 - Level 1.7 Stealth
 * Level 1.9 Spellcasting
 * Level 4.8 Necromancy


You couldn't memorise any spells.
You knew the following spells:

 Your Spells              Type           Power        Failure   Level
a - Pain                  Necr           88%          6%          1
b - Animate Skeleton      Necr           44%          6%          1
c - Vampiric Draining     Necr           11%          16%         3

Your spell library contained the following spells:

 Spells                   Type           Power        Failure   Level
 Animate Dead             Necr           11%          45%         4
 Agony                    Necr           22%          80%         5


Dungeon Overview and Level Annotations

Branches:
Dungeon (3/15)

Annotations:
D:2 Robin


Innate Abilities, Weirdness & Mutations

You have an increased reservoir of magic. (+10% MP)


Message History

The goblin shouts!
The goblin shouts!
Robin throws the goblin at you!
The hobgoblin hits you but does no damage.
The goblin hits you but does no damage. You block the goblin's attack.
The goblin closely misses you.
Aiming: Pain (safe; 6% risk of failure)
Press: ? - help, Q - select action, (/) - cycle Shift-Dir - straight line, f - goblin
Aim: a goblin (chance to affect: 91%)
The goblin writhes in agony.
The goblin completely misses you. You block the goblin's attack.
There is nothing nearby to animate!
Aiming: Pain (safe; 6% risk of failure)
Press: ? - help, Q - select action, (/) - cycle Shift-Dir - straight line, f/p - goblin
Aim: a goblin (heavily wounded, chance to affect: 91%)
The goblin writhes in agony.
You kill the goblin!
The goblin hits you.
You die...

#.........
................#
#..##............
#................
...#g........#..#
##))!............
#.#...#.#...#..# #
#[#...#.#...#.g####...#
##.#.g.#.......g@......#
....g........#.g####...#
##g#..........gg### #
.gg...........g...#
##g##..#.#..l..g###
##g##..#)#......#
#...............####.
......................
#.g#####.#.##..#####..


You could see Robin, 2 hobgoblins, 4 goblins and a frilled lizard.

Vanquished Creatures
  A hound skeleton (D:3)
  A worm (D:2)
  2 dart slugs
  A leopard gecko (D:2)
  3 giant cockroaches
  6 goblins
  4 hobgoblins
  4 jackals (D:1)
  2 bats (D:1)
  3 frilled lizards (D:1)
  A giant cockroach zombie (D:3)
  A jackal zombie (D:3)
  4 kobolds
  2 rats (D:1)
35 creatures vanquished.

Vanquished Creatures (collateral kills)
  A goblin (D:1)
  A hobgoblin (D:1)
  2 rats (D:1)
4 creatures vanquished.

Vanquished Creatures (others)
  3 withered plants (D:3)
3 creatures vanquished.

Grand Total: 42 creatures vanquished

Notes
Turn   | Place    | Note
-------+----------+-------------------------------------------
     0 | D:1      | stendehmen the Demigod Necromancer began the quest for the
                  | Orb.
     0 | D:1      | Reached XP level 1. HP: 14/14 MP: 5/5
   133 | D:1      | Learned a level 1 spell: Animate Skeleton
   531 | D:1      | Reached skill level 4 in Necromancy
   609 | D:1      | Reached XP level 2. HP: 13/20 MP: 5/7
  2095 | D:3      | HP: 1/20 [hound skeleton (1)]
  2097 | D:3      | Reached XP level 3. HP: 2/26 MP: 8/8
  2395 | D:3      | Learned a level 3 spell: Vampiric Draining
  2610 | D:2      | Found an ancient bone altar of Kikubaaqudgha.
  2676 | D:2      | Noticed Robin
  2719 | D:2      | Slain by a goblin

Illustrated notes

Levels and vault maps discovered:
D:1:      dpeg_arrival_water_fire, layout_basic
D:2:      layout_basic, old_standard_altar, kennysheep_generic_room_2,
          uniq_robin, uniq_jessica
D:3:      layout_rooms, grunt_temple_overflow_lords_of_destruction,
          fedhas_altar_fruit_tree, old_standard_altar, general_overflow_altar,
          dancing_weapons_uskayaw, biasface_ghost_orc_armoury, serial_undead,
          serial_undead_b, serial_undead_e, serial_undead_b, serial_undead_e,
          serial_undead_e, serial_undead_b

Skill      XL: |  1 |
---------------+----+-----
Necromancy     | 4 |  4.8
Axes           | |  0.1
Dodging        | |  1.7
Stealth        | |  1.7
Spellcasting   | |  1.9

Action                   || total
-------------------------++-------
Melee: Hand axe          ||     8
       Short sword       ||    21
Throw: Dart              ||     3
 Cast: Pain              ||    54
       Animate Skeleton  ||    18
  Use: Scroll            ||     2
       Potion            ||     1
Armor: Robe              ||    20
Dodge: Dodged            ||    37
Block: Kite shield       ||    12
